 Dungeon Crawl Stone Soup version 0.17.0-23-g0de4337 (webtiles) character file.

2875 Ordine the Transmogrifier (level 9, -5/70 HPs)
             Began as a Naga Transmuter on Nov 14, 2015.
             Slain by trantor's ghost (11 damage)
             ... on level 8 of the Dungeon.
             The game lasted 00:39:38 (10204 turns).

Ordine the Transmogrifier (Naga Transmuter)        Turns: 10204, Time: 00:39:38

Health: -5/70      AC:  6    Str: 17    XL:     9   Next: 76%
Magic:  13/17      EV: 15    Int: 16    God:
Gold:   438        SH:  0    Dex: 20    Spells: 3 memorised, 10 levels left

rFire  . . .     SeeInvis +       - Unarmed
rCold  . . .     Clarity  .     l - +1 robe
rNeg   . . .     SustAt   .     (shield currently unavailable)
rPois  +         Gourm    +     (no helmet)
rElec  .         Spirit   .     (no cloak)
rCorr  .         Warding  .     (gloves currently unavailable)
rMut   .         Stasis   .     (no barding)
MR     +....                    b - amulet of the gourmand
Stlth  +++.......               t - +1 ring of protection
                                q - +2 ring of dexterity

@: mighty, agile, blade hands, very slow, somewhat resistant to hostile
enchantments, fairly stealthy
A: see invisible, deformed body, poison resistance, slowness 2, slow metabolism
1, spit poison 2, AC +3
a: Spit Poison, End Transformation


You were on level 8 of the Dungeon.
You were not hungry.
You had blades for hands.
You visited 2 branches of the dungeon, and saw 9 of its levels.

You collected 438 gold pieces.

Inventory:

Armour
 i - a +0 pair of gloves (melded)
 l - a +1 robe (worn)
Jewellery
 a - an uncursed ring of flight
 b - an amulet of the gourmand (around neck)
 j - an uncursed ring of teleportation
 k - an uncursed ring of poison resistance
 p - an uncursed amulet of warding
 q - a +2 ring of dexterity (left scythe-like blade)
 t - a +1 ring of protection (right scythe-like blade)
Scrolls
 f - a scroll of recharging
 o - a scroll of immolation
 r - 3 scrolls of remove curse
 v - a scroll of fog
 w - a scroll of teleportation
Potions
 e - a potion of curing
 h - a potion of agility
 n - a potion of cancellation
 u - a potion of might
Books
 c - a book of Changes

   Spells                             Type                      Level
   a - Beastly Appendage              Transmutation                1
   b - Sticks to Snakes               Transmutation                2
   c - Spider Form                    Transmutation/Poison         3
   d - Ice Form                       Ice/Transmutation            4
   e - Blade Hands                    Transmutation                5
Comestibles
 d - 8 bread rations
 g - 5 fruits
 m - 4 meat rations
 s - a royal jelly
 x - 2 beef jerkies
 z - 7 slices of pizza
 A - a chunk of flesh


   Skills:
 - Level 1.0 Fighting
 - Level 1.5 Dodging
 - Level 6.4 Unarmed Combat
 * Level 5.9 Spellcasting
 + Level 10.0 Transmutations
 - Level 3.0 Poison Magic


You had 10 spell levels left.
You knew the following spells:

 Your Spells              Type           Power        Failure   Level  Hunger
a - Beastly Appendage     Trmt           #####.       10%         1    None
b - Spider Form           Trmt/Pois      ####......   24%         3    ##.....
c - Blade Hands           Trmt           #####.....   41%         5    ######.


Dungeon Overview and Level Annotations

Branches:
Dungeon (8/15)             Temple (1/1) D:4
   Lair: D:8-11

Altars:
Ashenzari
Cheibriados
Dithmenos
Elyvilon
Fedhas
Gozag
Kikubaaqudgha
Makhleb
Nemelex Xobeh
Okawaru
Qazlal
Ru
Trog
Vehumet
Xom
Yredelemnul
Zin
The Shining One

Annotations:
D:8 trantor's ghost, novice DsFi


Innate Abilities, Weirdness & Mutations

You cannot wear boots.
Your serpentine skin is tough (AC +3).
You have supernaturally acute eyesight.
Armour fits poorly on your strangely shaped body.
Your system is resistant to poisons.
You cover ground very slowly.
You have a slow metabolism.
You can spit poison.


Message History

Trantor's ghost hits you!
You barely miss trantor's ghost.
Trantor's ghost is moderately damaged.
Trantor's ghost hits you!
* * * LOW HITPOINT WARNING * * *
Drink which item? (? for menu, Esc to quit)
You feel agile all of a sudden. Trantor's ghost hits you!
* * * LOW HITPOINT WARNING * * *
Drink which item? (? for menu, Esc to quit)
You feel very mighty all of a sudden. Trantor's ghost misses you.
You slice trantor's ghost!! You slash trantor's ghost!
Trantor's ghost is almost destroyed.
Trantor's ghost wails.
Trantor's ghost completely misses you.
You barely miss trantor's ghost.
Trantor's ghost is almost destroyed.
Trantor's ghost hits you!
You die...

######..# #........ #
..#####.< #. ## #..
#..##.##### #..
..........# #..
..........# #.#
#./.......# #.#
......W@/.############)#
#####..............##..#
########.......#..##
#.........## #.......###
#.......# #.......#
#.[.....# #.......#


You could see trantor's ghost.

Vanquished Creatures
  Pikel (D:5)
  Sigmund (D:5)
  A hog (D:7)
  A human (D:7)
  A sky beast (D:5)
  2 black bears
  2 ice beasts (D:6)
  3 orc warriors
  2 slaves (D:5)
  2 giant frogs
  2 ogres (D:5)
  2 crimson imps
  3 hounds
  4 orc wizards
  3 orc priests
  6 worker ants
  3 sheep (D:7)
  2 mummies
  A hound skeleton (D:4)
  12 adders
  10 gnolls
  3 shadow imps
  An adder zombie (D:6)
  An adder skeleton (D:8)
  2 worms
  3 giant geckos
  27 orcs
  11 bats
  2 giant cockroaches
  7 goblins
  17 hobgoblins
  5 jackals (D:2)
  9 kobolds
  6 quokkas
  5 ball pythons
  6 giant newts
  A jackal zombie (D:5)
  A quokka skeleton (D:6)
  12 rats
183 creatures vanquished.

Vanquished Creatures (others)
  2 slaves (D:5)
2 creatures vanquished.

Grand Total: 185 creatures vanquished

Notes
Turn   | Place    | Note
--------------------------------------------------------------
     0 | D:1      | Ordine the Naga Transmuter began the quest for the Orb.
     0 | D:1      | Reached XP level 1. HP: 18/18 MP: 3/3
   130 | D:1      | Reached XP level 2. HP: 23/25 MP: 5/5
  1218 | D:1      | Reached XP level 3. HP: 31/31 MP: 6/6
  1519 | D:2      | Learned a level 3 spell: Spider Form
  1763 | D:2      | Reached XP level 4. HP: 28/38 MP: 7/7
  1888 | D:2      | Reached skill level 1 in Poison Magic
  2428 | D:2      | Found a glowing golden altar of the Shining One.
  2437 | D:2      | Reached skill level 4 in Transmutations
  2665 | D:2      | Reached XP level 5. HP: 33/44 MP: 6/8
  3555 | D:3      | Found a shimmering altar of Xom.
  4844 | D:3      | Reached skill level 5 in Transmutations
  4844 | D:3      | Reached XP level 6. HP: 19/51 MP: 3/9
  5076 | D:4      | Found a radiant altar of Vehumet.
  5152 | D:3      | HP: 2/51 [adder (2)]
  5559 | D:4      | You fall through a shaft for 3 floors!
  5691 | D:7      | Reached skill level 6 in Transmutations
  5691 | D:7      | Reached XP level 7. HP: 36/57 MP: 7/10
  6047 | D:7      | Learned a level 5 spell: Blade Hands
  6244 | D:6      | Found a snail-covered altar of Cheibriados.
  6280 | D:5      | Entered Level 5 of the Dungeon
  6280 | D:5      | Noticed Sigmund
  6297 | D:5      | Killed Sigmund
  6297 | D:5      | Reached skill level 5 in Unarmed Combat
  6297 | D:5      | Reached skill level 7 in Transmutations
  6454 | D:5      | Noticed Pikel
  6605 | D:4      | Reached XP level 8. HP: 39/64 MP: 3/11
  6790 | D:4      | Found a staircase to the Ecumenical Temple.
  6799 | Temple   | Entered the Ecumenical Temple
  7365 | D:5      | Reached skill level 8 in Transmutations
  7403 | D:5      | Killed Pikel
  7403 | D:5      | Reached skill level 9 in Transmutations
  7938 | D:5      | Reached XP level 9. HP: 63/70 MP: 12/12
  9137 | D:6      | Found a bloodstained altar of Trog.
  9364 | D:7      | Noticed a hog
  9364 | D:7      | Noticed a human
  9375 | D:7      | Killed a human
  9384 | D:7      | Reached skill level 5 in Spellcasting
  9387 | D:7      | Killed a hog
  9872 | D:8      | Reached skill level 10 in Transmutations
 10189 | D:8      | Noticed trantor's ghost (novice DsFi)
 10204 | D:8      | Slain by trantor's ghost

Action                   |  1- 3 |  4- 6 |  7- 9 || total
-------------------------+-------+-------+-------++-------
Melee: Unarmed           |   110 |   318 |   269 ||   697
 Cast: Beastly Appendage |    11 |    22 |     5 ||    38
       Spider Form       |       |     6 |    31 ||    37
       Blade Hands       |       |       |     2 ||     2
 Abil: Spit Poison       |     3 |     8 |     3 ||    14
  Use: Scroll            |     8 |     7 |     5 ||    20
       Potion            |       |     4 |     4 ||     8
 Stab: Sleeping          |       |     2 |       ||     2
  Eat: Chunk             |     2 |    11 |    21 ||    34
       Beef jerky        |       |       |     1 ||     1
       Fruit             |       |       |     1 ||     1
